Map: Catalyst LE

Players

CuckShmuck - Winner!

  • Race: Zerg Zerg
  • Spawn Location: 11:00

Lenskor

  • Race: Protoss Protoss
  • League: Gold
  • Spawn Location: 5:00

VOD

Have the link to the VOD?

Description

Time

  • Played on: Feb. 19, 2018, 2:08 a.m.
  • Length: 11:56
Show
View Real Time Build Order
Export as new Build Order

CuckShmuck Zerg - Winner!

Build Orders: Hatch First, Muta Ling Bane, Swarm Host 

Get SALT Encoding   

  12  0:01  Drone  
  13  0:12  Overlord  
  13  0:20  Drone  
  14  0:31  Drone x2  
  16  0:38  Drone  
  17  0:48  Drone  
  18  0:59  Hatchery  
  18  1:00  Drone  
  18  1:07  Drone  
  19  1:14  Extractor  
  18  1:20  Spawning Pool  
  18  1:23  Drone  
  18  1:30  Drone  
  19  2:08  Zergling x6  
  21  2:10  Queen  
  21  2:11  Queen  
  21  2:15  Overlord  
  26  2:21  Drone  
  27  2:34  Zergling x2  
  27  2:35  Zergling x4  
  30  2:40  Metabolic Boost  
  31  2:44  Drone  
  31  2:45  Zergling x2  
  32  2:59  Overlord x2  
  32  3:14  Hatchery  
  29  3:41  Drone x8  
  29  3:42  Drone x2  
  38  3:53  Lair  
  38  3:59  Extractor  
  38  4:02  Extractor  
  36  4:04  Extractor  
  36  4:07  Drone  
  36  4:08  Drone x2  
  36  4:09  Drone x2  
  40  4:10  Drone  
  40  4:14  Queen  
  43  4:18  Overlord  
  43  4:23  Drone x2  
  44  4:36  Drone x3  
  47  4:40  Drone x2  
  49  4:56  Spire  
  48  5:00  Zergling x10  
  48  5:01  Zergling x2  
  48  5:02  Drone  
  48  5:03  Drone x2  
  48  5:07  Extractor, Queen  
  58  5:32  Drone x5  
  58  5:33  Drone x3  
  66  5:41  Overlord  
  66  5:43  Overlord  
  65  5:57  Queen  
  65  5:59  Queen  
  64  6:06  Drone  
  64  6:07  Drone x9  
  73  6:23  Mutalisk  
  73  6:24  Mutalisk x3  
  81  6:28  Overlord x2  
  81  6:29  Overlord x2  
  80  6:51  Mutalisk  
  80  6:52  Mutalisk x7  
  96  6:58  Drone  
  96  6:59  Drone x4  
  101  7:06  Evolution Chamber  
  100  7:16  Baneling Nest  
  100  7:20  Infestation Pit  
  100  7:21  Drone  
  99  7:25  Drone x5  
  99  7:26  Drone x2  
  106  7:41  Overlord  
  106  7:42  Overlord x4  
  106  7:54  Hatchery  
  106  7:56  Overseer  
  105  7:59  Queen x3  
  111  8:11  Centrifical Hooks  
  111  8:13  Zerg Flyer Weapons Level 1  
  111  8:15  Pathogen Glands  
  111  8:19  Zerg Melee Weapons Level 1  
  111  8:40  Swarm Host  
  111  8:41  Swarm Host x10  
  129  9:11  Zergling x2  
  129  9:12  Zergling x38  
  129  9:13  Zergling x2  
  132  10:13  Zergling x2  
  132  10:14  Zergling x26  
  143  10:34  Overseer  
  143  10:53  Baneling x6  
  143  10:54  Baneling x5  
  143  11:00  Zergling x2  
  143  11:01  Zergling x14  
  151  11:06  Overlord  
  151  11:07  Overlord x7  
Show
View Real Time Build Order
Export as new Build Order

Lenskor Protoss 

Build Orders: 1 Gate Expand 

Get SALT Encoding   

  12  0:01  Probe  
  13  0:13  Probe  
  14  0:21  Pylon  
  14  0:25  Probe  
  15  0:40  Gateway  
  15  0:46  Probe  
  16  0:50  Assimilator  
  16  0:58  Probe  
  16  1:03  Assimilator  
  17  1:10  Probe  
  18  1:22  Probe  
  19  1:36  Nexus  
  19  1:50  Cybernetics Core  
  19  2:00  Pylon  
  19  2:05  Probe  
  20  2:17  Probe  
  21  2:23  Warp Gate (Chrono Boost)  
  21  2:26  Adept  
  21  2:29  Probe  
  24  2:39  Pylon  
  24  2:42  Probe (Chrono Boost)  
  25  2:48  Probe (Chrono Boost)  
  26  2:54  Probe (Chrono Boost)  
  28  2:59  Probe (Chrono Boost)  
  28  3:00  Stargate  
  28  3:05  Probe, Sentry  
  30  3:06  Probe  
  32  3:17  Probe  
  32  3:18  Probe  
  34  3:29  Probe  
  35  3:42  Shield Battery  
  35  3:49  Gateway  
  35  3:55  Probe x2  
  37  4:07  Probe x2  
  39  4:15  Adept  
  41  4:19  Probe x2  
  41  4:20  Gateway  
  43  4:31  Probe  
  43  4:32  Probe  
  43  4:34  Oracle (Chrono Boost)  
  43  4:35  Assimilator  
  43  4:38  Assimilator  
  48  4:43  Probe  
  49  4:46  Pylon  
  49  4:47  Adept  
  51  4:53  Twilight Council  
  51  4:54  Robotics Facility  
  51  4:58  Pylon  
  51  4:59  Pylon  
  51  5:04  Phoenix  
  53  5:09  Probe  
  54  5:16  Probe  
  55  5:21  Probe  
  56  5:28  Probe  
  57  6:25  Immortal  
  61  6:55  Nexus  
  61  6:56  Pylon  
  61  6:59  Zealot x2, Assimilator  
  65  7:04  Assimilator  
  65  7:06  Gateway  
  65  7:07  Pylon  
  65  7:08  Gateway  
  65  7:11  Immortal  
  65  7:12  Resonating Glaives (Chrono Boost)  
  69  7:18  Pylon  
  69  7:23  Forge x2  
  69  7:27  Probe x2  
  71  7:33  Adept x2  
  75  7:39  Probe x2  
  77  7:51  Probe x2  
  78  7:54  Protoss Ground Weapons Level 1 (Chrono Boost), Observer  
  78  7:55  Protoss Ground Armor Level 1 (Chrono Boost)  
  80  8:03  Probe, Stalker  
  80  8:04  Stalker  
  84  8:19  Phoenix (Chrono Boost)  
  83  8:33  Stalker x2  
  71  8:58  Stalker  
  71  8:59  Stalker  
  69  9:06  Phoenix  
  56  9:18  Stalker x2  
  54  9:31  Stalker x2  
  45  9:55  Stalker x3  
  45  9:56  Stalker  
  46  10:20  Stalker x2  
  46  10:21  Stalker x2  
  50  10:41  Probe x2  
  49  10:47  Phoenix (Chrono Boost)  
  51  10:51  Immortal  
  51  10:53  Probe x2  
  53  11:00  Phoenix (Chrono Boost)  
  53  11:03  Stalker x3  
  53  11:04  Stalker  
  65  11:05  Probe x2  
  69  11:17  Probe  
  69  11:18  Probe  
  31  11:47  Zealot x2  
  31  11:48  Zealot x2  
Tags
 
Add a new tag
Caveats
  • Supply blocks, unpowered buildings, or Contaminate may cause inaccurate times.
  • Supply counts are checked every 10 seconds.